 Dungeon Crawl Stone Soup version 0.30-a0-743-gbfdf073431 (webtiles) character file.

Game seed: 13742688315063902300

66 boo the Insei (level 3, -4/29 HPs)
             Began as a Demonspawn Monk on Feb 8, 2023.
             Slain by an orc
             ... wielding a +0 trident
              (6 damage)
             ... on level 2 of the Dungeon.
             The game lasted 00:03:32 (1279 turns).

boo the Insei (Demonspawn Monk)                     Turns: 1279, Time: 00:03:33

Health: -4/29      AC:  8    Str: 13    XL:     3   Next: 96%
Magic:  3/3        EV: 11    Int: 11    God:
Gold:   122        SH:  3    Dex: 15    Spells: 2/2 levels left

rFire   . . .      SeeInvis .      - Unarmed
rCold   . . .      Faith    .    o - +0 buckler
rNeg    . . .      Spirit   .    f - +0 ring mail
rPois   .          Reflect  .    (no helmet)
rElec   .          Harm     .    (no cloak)
rCorr   .          Rampage  .    m - +0 pair of gloves
Will    .....                    (no boots)
Stlth   +                        (no amulet)
HPRegen 0.24/turn                (no ring)
MPRegen 0.08/turn                (no ring)

@: no status effects
A: claws 1, thin metallic scales 1
a: no special abilities


You were on level 2 of the Dungeon.
You visited 1 branch of the dungeon, and saw 2 of its levels.

You collected 122 gold pieces.

Inventory:

Armour
 f - a +0 ring mail (worn)
 m - a +0 pair of gloves (worn)
 o - a +0 buckler (worn)
Scrolls
 d - 2 scrolls of teleportation
 e - a scroll of fear {unknown}
 h - a scroll of butterflies {unknown}
 k - 3 scrolls of silence
 l - a scroll of enchant armour {unknown}
 n - a scroll of amnesia
Potions
 a - 2 potions of curing {unknown}
 b - a potion of ambrosia
 c - a potion of berserk rage {unknown}
 g - a potion of flight {unknown}
 i - 2 potions of lignification {unknown}


   Skills:
 + Level 3.5 Fighting
 + Level 3.2 Dodging
 - Level 1.7 Stealth
 + Level 0.0 Shields
 * Level 3.6 Unarmed Combat


You had 2 spell levels left.
You didn't know any spells.
Your spell library contained the following spells:

 Spells                   Type           Power      Damage    Failure   Level
 Apportation              Tloc           0%         N/A       71%         1
 Summon Small Mammal      Summ           0%         N/A       71%         1
 Call Canine Familiar     Summ           0%         N/A       97%         3
 Summon Guardian Golem    Hex/Summ       0%         N/A       97%         3
 Manifold Assault         Tloc           0%         N/A       100%        4
 Alistair's Intoxication  Tmut/Pois      0%         N/A       100%        5
 Blade Hands              Tmut           0%         N/A       100%        5
 Irradiate                Conj/Tmut      0%         3d11      100%        5
 Dispersal                Tloc           0%         N/A       100%        6
 Dragon Form              Tmut           0%         N/A       100%        7
 Disjunction              Tloc           0%         N/A       100%        8


Dungeon Overview and Level Annotations

Branches:
Dungeon (2/15)

Altars:


Innate Abilities, Weirdness & Mutations

You have sharp fingernails.
You are partially covered in thin metallic scales. (AC +2)


Message History

The orc shouts! x2
An orc comes into view. It is wielding a +0 trident.
The orc shouts!
The orc misses you.
You hit the orc.
The orc is moderately wounded.
The orc barely misses you. The orc misses you.
You hit the orc.
The orc is severely wounded.
The orc barely misses you. You block the orc's attack.
You hit the orc but do no damage.
The orc is severely wounded.
The orc hits you with a +0 club. The orc hits you but does no damage.
You hit the orc.
You kill the orc!
The orc wizard casts a spell at you. The magic dart hits you!
The orc hits you but does no damage. The orc wizard barely misses you.
The orc hits you from afar with a +0 trident!
The orc hits you with a +0 trident.
* * * LOW HITPOINT WARNING * * *
Things that are here:
a +0 club; a +0 ring mail; an orc corpse You are too injured to fight recklessly!
You are too injured to fight recklessly!
You are too injured to fight recklessly!
You barely miss the orc wizard. The orc wizard closely misses you.
The orc hits you but does no damage. You block the orc's attack.
You hit the orc wizard but do no damage.
The orc wizard mumbles some strange words.
The orc wizard flickers and vanishes!
Deactivating autopickup; reactivate with Ctrl-A.
The orc hits you but does no damage. The orc closely misses you.
You hit something but do no damage. Something hits you.
* * * LOW HITPOINT WARNING * * *
The orc hits you but does no damage. The orc hits you with a +0 trident.
* * * LOW HITPOINT WARNING * * *
You hit something. Something hits you but does no damage.
The orc hits you from afar with a +0 trident.
You die...

#.# #..# #.###.###..#
# #.# ##.# #.#
##.#.#.# # #.# #.#
#.# ##.##.# # #.##
#.# #.# #.##.# ## ..#
#.# ## ##.# #.##.###.
#.# #.# #. .#.#
#(##..... #.# #.#
#.#o.. ..####... #.#
#.# #.{o# ### #....
###.# #.# #@##.#
#.... ....# #.#
#.##.# #.#.< .##.#
#.# #.##.# #.##.
..#.######.#####.##>#
#....
.................##.#
#..##
#..........########.#
#..# ###.########
#....#.#########..#
....##
#.##.#............#
###..#
#.##.............##


You could see 2 orcs.

Vanquished Creatures
  2 adders (D:2)
  5 dart slugs
  An orc (D:2)
  2 ball pythons
  3 bats
  5 endoplasms
  A giant cockroach (D:2)
  2 goblins (D:2)
  6 kobolds
  2 quokkas
  2 frilled lizards
  4 rats
35 creatures vanquished.

Notes
Turn   | Place    | Note
-------+----------+-------------------------------------------
     0 | D:1      | boo the Demonspawn Monk began the quest for the Orb.
     0 | D:1      | Reached XP level 1. HP: 18/18 MP: 1/1
   180 | D:1      | Gained mutation: You are partially covered in thin metallic
                  | scales. (AC +2) [demonic ancestry]
   180 | D:1      | Reached XP level 2. HP: 21/24 MP: 2/2
   675 | D:2      | Gained mutation: You have sharp fingernails. [demonic
                  | ancestry]
   675 | D:2      | Reached XP level 3. HP: 29/29 MP: 3/3
  1186 | D:2      | Found a faded altar of an unknown god.
  1279 | D:2      | Slain by an orc

Illustrated notes

Levels and vault maps discovered:
D:1:      minmay_arrival_four_loops, layout_rooms
D:2:      layout_loops_ring, ebering_ecumenical_altar_box

Skill      XL: |  1  2 |
---------------+-------+-----
Unarmed Combat | 3 |  3.6
Dodging        | 3 |  3.2
Fighting       | |  3.5
Stealth        | |  1.7

Action                     || total
---------------------------++-------
  Melee: Unarmed           ||   162
         Punch             ||     5
    Use: Scroll            ||     4
 Armour: Ring mail         ||    81
         Robe              ||     1
  Dodge: Dodged            ||   125
  Block: Buckler           ||     4

Table legend: (Time is in decaauts)
 A = Elapsed time spent in this place.
 B = Non-inter-level travel time spent in this place.
 C = Inter-level travel time spent in this place.
 D = Time resting spent in this place.
 E = Time spent auto-exploring this place.
 F = Levels seen in this place.
 G = Mean time per level.
                   A        B        C        D        E       F      G
               +--------+--------+--------+--------+--------+-----+--------+
         Total |   1270 |   1227 |     43 |     38 |    854 |   2 |  635.0 |
       Dungeon |   1270 |   1227 |     43 |     38 |    854 |   2 |  635.0 |
               +--------+--------+--------+--------+--------+-----+--------+

Top non-repeatable levels by time:
     D:2: 696 daAuts
     D:1: 574 daAuts
